 Dungeon Crawl Stone Soup version 0.31-a0-187-gba352fbbf7 (webtiles) character file.

Game seed: 465793864189792749

303 qw the Skirmisher (level 6, 0/30 (34) HPs)
             Began as a Deep Elf Hunter on June 22, 2023.
             Slain by Duvessa
             ... wielding a +0 short sword
              (1 damage)
             ... on level 4 of the Dungeon.
             The game lasted 00:01:02 (2806 turns).

qw the Skirmisher (Deep Elf Hunter)                 Turns: 2806, Time: 00:01:03

HP:   0/30 (34)     AC:  8    Str: 10    XL:     6   Next: 15%
MP:   8/8           EV:  9    Int: 14    God:
Gold: 107           SH:  5    Dex: 18    Spells: 5/5 levels left

rFire   . . .        Y - +1 shortbow
rCold   . . .        (shield currently unavailable)
rNeg    . . .        l - +0 scale mail
rPois   .            b - +1 helmet
rElec   .            (no cloak)
rCorr   .            (no gloves)
SInv    .            (no boots)
Will    .....        f - amulet of reflection
Stlth   +            (no ring)
HPRegen 0.25/turn    (no ring)
MPRegen 0.11/turn

%: reflection
@: lit by a corona, glowing, heavily drained
A: screaming 1, evolution 1
a: no special abilities


You were on level 4 of the Dungeon.
You visited 1 branch of the dungeon, and saw 4 of its levels.

You collected 107 gold pieces.


Innate Abilities, Weirdness & Mutations

You occasionally shout uncontrollably at your foes.
You have hidden genetic potential.


   Skills:
 - Level 1.5 Fighting
 - Level 9.5 Ranged Weapons
 + Level 0.0 Armour
 - Level 3.1 Dodging
 - Level 1.2 Stealth


You had 5 spell levels left.
You didn't know any spells.
Your spell library was empty.

Inventory:

Hand Weapons
 Y - a +1 shortbow (weapon)
Armour
 b - a +1 helmet (worn)
 j - the +1 robe of Vehumet's Grace {Harm rC+ SInv}
   (You found it on level 2 of the Dungeon)

   rC:        It protects you from cold.
   SInv:      It lets you see invisible.
   Harm:      It increases damage dealt and taken.
 l - a +0 scale mail (worn)
Jewellery
 f - an amulet of reflection (around neck)
 m - a ring of fire
Wands
 h - a wand of digging (5)
Scrolls
 i - a scroll of identify
Potions
 d - a potion of curing
 e - a potion of haste {unknown}
 k - a potion of mutation

Dungeon Overview and Level Annotations

Branches:
Dungeon (4/15)
 Temple: D:4-7

Altars:
Kikubaaqudgha

Annotations:
D:3 1 runed translucent door, Crazy Yiuf
D:4 Dowan, Duvessa


Message History

Duvessa is lightly wounded.
You shoot an arrow.
The arrow hits Duvessa but does no damage.
Duvessa is lightly wounded.
Dowan, Brother of Duvessa comes into view.
He is wielding a +0 dagger.
You shoot an arrow.
Dowan shouts!
The arrow hits Duvessa.
Duvessa is moderately wounded.
Duvessa closely misses you.
You shoot an arrow.
The arrow hits Duvessa but does no damage.
Duvessa is moderately wounded.
Duvessa hits you with a +0 short sword.
You shoot an arrow. The arrow hits Duvessa!
Duvessa is heavily wounded.
You hear the slow rusting of a very distant drain.
Dowan mumbles some strange words.
Dowan blinks!
Duvessa hits you but does no damage.
A hound comes into view.
Duvessa barely misses you.
You shoot an arrow. The arrow barely misses Duvessa.
The hound barks!
Dowan gestures at you while chanting. The puff of frost hits you!
Duvessa barely misses you.
You shoot an arrow. The arrow hits Duvessa.
Duvessa is severely wounded.
Dowan barely misses you. Duvessa hits you with a +0 short sword.
You shoot an arrow. The arrow hits Duvessa.
Duvessa is severely wounded.
Dowan hits you with a +0 dagger. Duvessa hits you with a +0 short sword.
You shoot an arrow.
The arrow hits Duvessa but does no damage.
Duvessa is severely wounded.
Dowan casts a spell at you.
You are outlined in light.
Duvessa barely misses you. The hound bites you but does no damage.
Dowan casts a spell at you. The puff of frost hits you!
Duvessa hits you with a +0 short sword.
You die...

.... ..... ...#
#####... #......
#...:# #.he.#..#
#.@e.#..# ##'###..#
###.# #..# #...# #..#
#.### #..#
###.#####..#
#..........#
#..######.############
#... #............#


You could see Duvessa, Dowan and a hound.

Vanquished Creatures
  Sigmund (D:3)
  Terence (D:3)
  Ijyb (D:3)
  Robin (D:3)
  A gnoll (D:2)
  3 adders
  A worm (D:2)
  2 dart slugs (D:1)
  4 ball pythons
  2 bats
  5 endoplasms
  5 goblins
  6 hobgoblins
  8 jackals
  2 quokkas
  2 frilled lizards (D:3)
  2 kobolds
  2 rats
49 creatures vanquished.

Notes
Turn   | Place    | Note
-------+----------+-------------------------------------------
     0 | D:1      | qw the Deep Elf Hunter began the quest for the Orb.
     0 | D:1      | Reached XP level 1. HP: 12/12 MP: 3/3
     0 | D:1      | 0 ||| qw: Version: 0.3-a-9-g12657ce
     0 | D:1      | 0 ||| qw: Game counter: 2649
     0 | D:1      | 0 ||| qw: Always use a shield: true
     0 | D:1      | 0 ||| qw: God list: Okawaru
     0 | D:1      | 0 ||| qw: Allow faded altars: false
     0 | D:1      | 0 ||| qw: Do Orc after D:15 true
     0 | D:1      | 0 ||| qw: Do second Lair branch before Depths: true
     0 | D:1      | 0 ||| qw: Lair rune preference: random
     0 | D:1      | 0 ||| qw: Plans: Normal
     0 | D:1      | 0 ||| PLANNING D:1-11
    10 | D:1      | Found a faded altar of an unknown god.
   170 | D:1      | Reached skill level 6 in Ranged Weapons
   170 | D:1      | Reached XP level 2. HP: 16/16 MP: 4/4
   408 | D:1      | 408 ||| UPGRADING to amulet of reflection.
   413 | D:1      | 413 ||| DROPPING +6 ring of intelligence.
   414 | D:1      | 414 ||| READING scroll labelled XOAGUO NEAJUROP.
   419 | D:1      | 419 ||| DROPPING scroll of butterflies.
   515 | D:2      | Reached XP level 3. HP: 19/20 MP: 5/5
   617 | D:2      | Reached skill level 7 in Ranged Weapons
   761 | D:2      | Identified the +1 robe of Vehumet's Grace {Harm rC+ SInv}
  1317 | D:2      | 1317 ||| READING scroll labelled HIPLEKIASSY.
  1318 | D:2      | 1318 ||| READING scroll labelled YBIRAMU DIESE.
  1419 | D:2      | 1419 ||| READING 2 scrolls labelled LIGIOM NUADGH.
  1420 | D:2      | 1420 ||| READING 2 scrolls labelled BIAJOC JONET.
  1421 | D:2      | 1421 ||| READING scroll labelled LOLIMP XEWE.
  1422 | D:2      | 1422 ||| DRINKING 2 orange potions.
  1423 | D:2      | 1423 ||| DROPPING scroll of amnesia.
  1424 | D:2      | 1424 ||| DROPPING potion of attraction.
  1505 | D:3      | Noticed Robin
  1509 | D:3      | Killed Robin
  1510 | D:3      | Reached XP level 4. HP: 25/25 MP: 6/6
  1681 | D:3      | Found a runed translucent door.
  1682 | D:3      | Noticed Crazy Yiuf
  1938 | D:3      | Found an ancient bone altar of Kikubaaqudgha.
  1961 | D:3      | Noticed Ijyb
  1965 | D:3      | 1965 ||| FLEEEEING.
  1966 | D:3      | 1966 ||| FLEEEEING.
  1967 | D:3      | 1967 ||| FLEEEEING.
  1968 | D:3      | 1968 ||| FLEEEEING.
  1969 | D:3      | 1969 ||| FLEEEEING.
  1969 | D:3      | HP: 2/25 [Ijyb/puff of flame (8)]
  1970 | D:3      | 1970 ||| FLEEEEING.
  1976 | D:3      | 1976 ||| FLEEEEING.
  1977 | D:3      | 1977 ||| FLEEEEING.
  1982 | D:3      | 1982 ||| FLEEEEING.
  1983 | D:3      | 1983 ||| FLEEEEING.
  2032 | D:3      | 2032 ||| FLEEEEING.
  2033 | D:3      | 2033 ||| FLEEEEING.
  2034 | D:3      | 2034 ||| FLEEEEING.
  2038 | D:3      | 2038 ||| FLEEEEING.
  2039 | D:3      | 2039 ||| FLEEEEING.
  2040 | D:3      | 2040 ||| FLEEEEING.
  2107 | D:3      | Killed Ijyb
  2108 | D:3      | Reached skill level 8 in Ranged Weapons
  2196 | D:3      | Noticed Sigmund
  2203 | D:3      | 2203 ||| UPGRADING to +1 helmet.
  2205 | D:3      | HP: 3/25 [Sigmund/puff of flame (8)]
  2208 | D:3      | 2208 ||| READING scroll of teleportation.
  2210 | D:3      | 2210 ||| READING 2 scrolls labelled YXZUEMISIL.
  2215 | D:3      | Killed Sigmund
  2216 | D:3      | Reached skill level 9 in Ranged Weapons
  2216 | D:3      | Reached XP level 5. HP: 6/29 MP: 7/7
  2261 | D:3      | Reached XP level 6. HP: 20/34 MP: 8/8
  2440 | D:3      | Noticed Terence
  2450 | D:3      | Killed Terence
  2451 | D:3      | Reached skill level 3 in Dodging
  2528 | D:3      | 2528 ||| UPGRADING to +0 scale mail.
  2538 | D:3      | 2538 ||| DROPPING +0 leather armour.
  2685 | D:3      | 2685 ||| READING 2 scrolls labelled ECASALEPAI.
  2686 | D:3      | 2686 ||| READING 3 scrolls labelled JIBRAE UTUDUE.
  2687 | D:3      | 2687 ||| READING scroll labelled NUFEFALU NOSEBIGU.
  2688 | D:3      | 2688 ||| DRINKING 2 sedimented white potions.
  2689 | D:3      | 2689 ||| DRINKING 2 metallic coppery potions.
  2689 | D:3      | Gained mutation: You occasionally shout uncontrollably at
                  | your foes. [potion of mutation]
  2689 | D:3      | Gained mutation: You have hidden genetic potential. [potion
                  | of mutation]
  2690 | D:3      | 2690 ||| DROPPING scroll of fear.
  2691 | D:3      | 2691 ||| DROPPING scroll of vulnerability.
  2692 | D:3      | 2692 ||| DROPPING 2 scrolls of blinking.
  2754 | D:4      | 2754 ||| PLANNING SEWER
  2795 | D:4      | Noticed Duvessa
  2799 | D:4      | Noticed Dowan
  2806 | D:4      | HP: 1/30 [Dowan/puff of frost (8)]
  2806 | D:4      | Slain by Duvessa

Levels and vault maps discovered:
D:1:      amcnicky_arrival_double_pillar, layout_rooms,
          ebering_ecumenical_altar_petrified, st_stairs_8, solitary_fountain,
          item_on_display_a
D:2:      layout_basic, minmay_surrounded
D:3:      layout_basic, nicolae_kikubaaqudgha_miasma_corner,
          uniq_crazy_yiuf_cottage, uniq_sigmund, uniq_ijyb, uniq_terence,
          uniq_robin
D:4:      wad_woods_stonehenge, layout_basic, minmay_temple_entry_butterflies,
          gup_sewer_entry_bubbles, uniq_natasha, uniq_menkaure, uniq_duvessa

Skill      XL: |  1  2  3  4  5  6 |
---------------+-------------------+-----
Ranged Weapons | 6 7 9 |  9.5
Dodging        | 3 |  3.1
Fighting       | |  1.5
Stealth        | |  1.2

Action                     |  1- 3 |  4- 6 || total
---------------------------+-------+-------++-------
   Fire: Shortbow          |    93 |    76 ||   169
    Use: Scroll            |     6 |     5 ||    11
         Potion            |     1 |     2 ||     3
 Armour: Leather armour    |     8 |     4 ||    12
         Scale mail        |       |     2 ||     2
  Dodge: Dodged            |    25 |    22 ||    47
  Block: Other             |     4 |     5 ||     9

Table legend:
 A = Non-vault XP
 B = Vault XP
 C = Vault XP percentage of total XP
 D = Non-vault monster count
 E = Vault monster count
 F = Vault count percentage of total count
                 A         B        C        D         E       F
            +---------+---------+-------+---------+---------+-------
      Total |     106 |     327 |  75.5 |      36 |      13 |  26.5
            +---------+---------+-------+---------+---------+-------
        D:1 |      18 |       1 |   5.3 |       8 |       1 |  11.1
        D:2 |      54 |      16 |  22.9 |      15 |       2 |  11.8
        D:3 |      34 |     310 |  90.1 |      13 |      10 |  43.5
            +---------+---------+-------+---------+---------+-------
